 Dungeon Crawl Stone Soup version 0.17-a0-1984-g55f5988 (webtiles) character file.

1395 Rationalist the Ducker (level 8, -3/63 HPs)
             Began as a Demonspawn Berserker on Oct 6, 2015.
             Was a Believer of Trog.
             Splashed by a jelly's acid (9 damage)
             ... on level 6 of the Dungeon.
             The game lasted 00:14:12 (5454 turns).

Rationalist the Ducker (Demonspawn Berserker)       Turns: 5454, Time: 00:14:13

Health: -3/63      AC: -15   Str: 17    XL:     8   Next: 41%
Magic:  8/8        EV: 17    Int:  8    God:    Trog [**....]
Gold:   75         SH:  3    Dex: 16    Spells: 0 memorised, 7 levels left

rFire  . . .     SeeInvis +     p - -1 hand axe (curse)
rCold  . . .     Clarity  .     h - +0 robe
rNeg   . . .     SustAt   .     (no shield)
rPois  .         Gourm    .     (helmet restricted)
rElec  .         Spirit   .     (no cloak)
rCorr  .         Warding  .     (no gloves)
rMut   .         Stasis   .     n - +2 pair of boots
MR     ++...                    w - amulet of regeneration
Stlth  ++........               j - +4 ring of protection
                                k - ring of see invisible

@: corroded equipment, regenerating, very resistant to hostile enchantments,
unstealthy
A: antennae 1, large bone plates 2
a: Burn Spellbooks, Berserk, Trog's Hand, Renounce Religion


You were on level 6 of the Dungeon.
You worshipped Trog.
Trog was pleased with you.
You were not hungry.

You visited 1 branch of the dungeon, and saw 6 of its levels.

You collected 237 gold pieces.
You spent 162 gold pieces at shops.

Inventory:

Hand Weapons
 a - a +0 hand axe
 p - a cursed -1 hand axe (weapon)
Missiles
 f - 16 poisoned needles
 g - 19 bolts of frost
 l - 70 bolts
 A - 5 tomahawks (quivered)
 E - 2 silver tomahawks
 F - 2 javelins
Armour
 h - a +0 robe (worn)
 n - a +2 pair of boots (worn)
Jewellery
 j - a +4 ring of protection (right hand)
 k - a ring of see invisible (left hand)
 w - an amulet of regeneration (around neck)
Wands
 u - a wand of frost (16)
Scrolls
 d - 2 scrolls of fear {unknown}
 e - a scroll of blinking {unknown}
 i - a scroll of recharging {unknown}
 r - 2 scrolls of immolation {unknown}
 s - 3 scrolls of teleportation
 v - a scroll of enchant weapon {unknown}
 x - 2 scrolls of fog {unknown}
 y - a scroll of magic mapping {unknown}
 z - a scroll of noise {unknown}
 C - a scroll of enchant armour
Potions
 b - a potion of brilliance
 m - a potion of cancellation
 t - a potion of agility
 B - a potion of might {unknown}
 D - a potion of heal wounds {unknown}
Comestibles
 c - 5 bread rations
 q - 3 meat rations
 G - 3 chunks of flesh


   Skills:
 + Level 5.4 Fighting
 + Level 5.0 Axes
 + Level 1.8 Armour
 + Level 7.3 Dodging
 + Level 1.7 Stealth


You had 7 spell levels left.
You didn't know any spells.

Dungeon Overview and Level Annotations

Branches:
Dungeon (6/15)
 Temple: D:4-7

Altars:
Fedhas
Gozag
Okawaru

Shops:
D:4 ?   D:5 }

Annotations:
D:5 Prince Ribbit


Innate Abilities, Weirdness & Mutations

You have a pair of small antennae on your head.
You are mostly covered in large bone plates (AC +3, SH +3).


Message History

Use which ability?
Your skin crawls.
You feel resistant to hostile enchantments.
You feel slightly more hungry. The jelly closely misses you.
You hit the jelly but do no damage.
Your hands burn!
* * * LOW HITPOINT WARNING * * *
The jelly is severely wounded.
The jelly hits you.
* * * LOW HITPOINT WARNING * * *
You are splashed with acid!
The acid burns!
* * * LOW HITPOINT WARNING * * *
You barely miss the jelly.
The jelly is severely wounded.
The jelly misses you.
Unknown command.
Drink which item? (? for menu, Esc to quit)
You feel magically purged. The jelly hits you.
* * * LOW HITPOINT WARNING * * *
You are splashed with acid!
The acid corrodes you!
The acid burns!
You die...

# # .# #. ### #. #. #..
. #..#.#.# .. #..#.#.#.#
#.### #...J....# #....
#@# ##'## ##.####
##...## #.....# ##.....#
#..##(## ##.......
#####..#...####........
...............'........
######......####........
#####.## ##....... #.#
##.>...#


You could see a jelly.

Vanquished Creatures
  The ghost of Lysie the Nimble, a novice SpEn of Okawaru (D:6)
  Sigmund (D:4)
  Edmund (D:6)
  A phantom (D:4)
  An ogre (D:6)
  2 centaurs
  Blork the orc (D:5)
  A scorpion (D:5)
  A crimson imp (D:6)
  An orc wizard (D:6)
  2 orc priests (D:6)
  2 giant frog skeletons
  3 worker ants
  A hound skeleton (D:4)
  2 adders
  An adder skeleton (D:4)
  6 worms
  23 orcs
  9 bats
  3 goblins
  5 hobgoblins
  7 kobolds
  2 giant cockroaches
  5 giant geckos
  A giant gecko skeleton (D:5)
  3 giant newts
  A jackal zombie (D:5)
  4 quokkas
  6 rats
97 creatures vanquished.

Notes
Turn   | Place    | Note
--------------------------------------------------------------
     0 | D:1      | Rationalist the Demonspawn Berserker began the quest for the Orb.
     0 | D:1      | Reached XP level 1. HP: 18/18 MP: 1/1
   539 | D:1      | Gained mutation: You are partially covered in large bone plates (AC +2, SH +2). [demonic ancestry]
   539 | D:1      | Reached XP level 2. HP: 18/24 MP: 2/2
   934 | D:2      | Found an iron altar of Okawaru.
  1558 | D:2      | Reached XP level 3. HP: 26/29 MP: 3/3
  2087 | D:2      | Acquired Trog's second power
  2240 | D:2      | Reached skill level 1 in Stealth
  2440 | D:3      | Reached XP level 4. HP: 30/37 MP: 4/4
  2508 | D:3      | Found an opulent altar of Gozag.
  3050 | D:4      | Noticed a phantom
  3097 | D:4      | Killed a phantom
  3097 | D:4      | Reached skill level 4 in Fighting
  3097 | D:4      | Reached XP level 5. HP: 28/42 MP: 5/5
  3125 | D:4      | Noticed Sigmund
  3174 | D:4      | Killed Sigmund
  3174 | D:4      | Reached XP level 6. HP: 27/48 MP: 6/6
  3575 | D:4      | Found Lecepiytti's Magic Scroll Emporium.
  3586 | D:4      | Bought a scroll of identify for 24 gold pieces
  3586 | D:4      | Bought a scroll of identify for 24 gold pieces
  3586 | D:4      | Bought a scroll of identify for 24 gold pieces
  3586 | D:4      | Bought a scroll of enchant armour for 90 gold pieces
  3614 | D:5      | Entered Level 5 of the Dungeon
  3927 | D:5      | Gained mutation: You have a pair of small antennae on your head. [demonic ancestry]
  3927 | D:5      | Reached XP level 7. HP: 38/55 MP: 7/7
  3944 | D:5      | Reached skill level 5 in Dodging
  4027 | D:5      | Found a blossoming altar of Fedhas.
  4142 | D:5      | Found Golypna's Gadget Emporium.
  4255 | D:5      | Noticed Blork the orc
  4282 | D:5      | Killed Blork the orc
  4356 | D:5      | Noticed Prince Ribbit
  4654 | D:6      | Noticed Lysie's ghost (novice SpEn)
  4752 | D:6      | Killed Lysie's ghost
  4752 | D:6      | Reached skill level 5 in Fighting
  4752 | D:6      | Reached skill level 6 in Dodging
  4856 | D:6      | Gained mutation: You are mostly covered in large bone plates (AC +3, SH +3). [demonic ancestry]
  4856 | D:6      | Reached XP level 8. HP: 55/62 MP: 8/8
  5208 | D:6      | Reached skill level 7 in Dodging
  5314 | D:6      | Noticed Edmund
  5336 | D:6      | Killed Edmund
  5336 | D:6      | Reached skill level 5 in Axes
  5454 | D:6      | Splashed by a jelly's acid

Vault maps used:
D:1:      dpeg_arrival_houses_and_road
D:2:      nicolae_overflow_hidden_temple, first_bread
D:3:      grunt_gozag_statues
D:4:      serial_shops, shop, uniq_sigmund
D:5:      kennysheep_mini_moat, serial_shops, kennysheep_little_box,
          uniq_blork_the_orc, uniq_prince_ribbit1
D:6:      uniq_edmund

Action                   |  1- 3 |  4- 6 |  7- 9 || total
-------------------------+-------+-------+-------++-------
Melee: Hand axe          |   173 |   180 |   332 ||   685
Invok: Trog's Hand       |       |     5 |     6 ||    11
       Berserk           |       |     1 |     4 ||     5
  Use: Potion            |       |     4 |     7 ||    11
       Scroll            |       |     3 |     3 ||     6
  Eat: Chunk             |     5 |     2 |     4 ||    11
       Meat ration       |       |     1 |       ||     1
       Beef jerky        |       |       |     3 ||     3
       Pizza             |       |       |     3 ||     3
